 Dungeon Crawl Stone Soup version 0.30-a0-377-g5cb311bc9f (webtiles) character file.

Game seed: 4552059531685805200

3306 MackTheKnife the Grappler (level 9, 0/89 HPs)
             Began as a Troll Cinder Acolyte on Nov 29, 2022.
             Was a High Priest of Ignis.
             Slain by Grum
             ... wielding a -1 halberd
              (14 damage)
             ... on level 8 of the Dungeon.
             The game lasted 00:09:32 (6388 turns).

MackTheKnife the Grappler (Troll Cinder Acolyte)    Turns: 6388, Time: 00:09:33

Health: 0/89       AC:  5    Str: 26    XL:     9   Next: 70%
Magic:  9/9        EV:  9    Int: 10    God:    Ignis [*****.]
Gold:   575        SH:  0    Dex:  7    Spells: 10/10 levels left

rFire   + + .      SeeInvis +      - Unarmed
rCold   + . .      Faith    .    (no shield)
rNeg    . . .      Spirit   .    z - +0 robe {rC+ rF+}
rPois   .          Reflect  .    (helmet restricted)
rElec   .          Harm     .    t - +0 cloak
rCorr   .          Rampage  .    (gloves unavailable)
Will    .....                    (boots unavailable)
Stlth   +.........               m - amulet of the acrobat
HPRegen 1.14/turn                h - ring of see invisible
MPRegen 0.11/turn                (no ring)

@: hasted, very quick
A: large, unfitting armour, claws 3, regeneration 1, shaggy fur 1, tough skin 1
a: Renounce Religion, Fiery Armour, Foxfire Swarm, Rising Flame


You were on level 8 of the Dungeon.
You worshipped Ignis.
Ignis was extremely pleased with you.
You visited 1 branch of the dungeon, and saw 8 of its levels.

You collected 575 gold pieces.


Innate Abilities, Weirdness & Mutations

You are too large for most types of armour.
You have claws for hands.
Your natural rate of healing is unusually fast.
You are covered in fur. (AC +1)
You have tough skin. (AC +1)


   Skills:
 + Level 5.8 Fighting
 + Level 12.5 Unarmed Combat
 - Level 1.0 Spellcasting
 - Level 2.1 Fire Magic


You had 10 spell levels left.
You didn't know any spells.
Your spell library contained the following spells:

 Spells                   Type           Power      Damage    Failure   Level
 Scorch                   Fire           8%         2d5       22%         2
 Necrotise                Necr           0%         1d4       34%         1
 Blink                    Tloc           0%         N/A       45%         2
 Cigotuvi's Dreadful Rot  Necr/Pois/Air  0%         N/A       45%         2
 Momentum Strike          Conj/Tloc      0%         3d8       45%         2
 Poisonous Vapours        Pois/Air       0%         N/A       45%         2
 Static Discharge         Conj/Air       0%         2-2/arc   45%         2
 Lesser Beckoning         Tloc           0%         N/A       71%         3
 Mephitic Cloud           Conj/Pois/Air  0%         N/A       71%         3
 Tukima's Dance           Hex            0%         N/A       71%         3
 Arcjolt                  Conj/Air       0%         1d10      100%        5
 Metabolic Englaciation   Hex/Ice        0%         N/A       100%        5
 Yara's Violent Unravell  Hex/Tmut       0%         3d3       100%        5

Inventory:

Hand Weapons
 K - the +4 dagger of a Thousand Persimmons {freeze, rC+ Stlth+, short}
   (You found it on level 7 of the Dungeon)

   It freezes those it strikes, dealing additional cold damage.
   It can also slow down cold-blooded creatures.
   rC:        It protects you from cold.
   Stlth:     It makes you more stealthy.
Missiles
 f - 2 poisoned darts (quivered) {throwing}
Armour
 a - a +0 robe
 q - a +0 robe
   (You took it off an orc wizard on level 3 of the Dungeon)
 r - a +0 robe
   (You took it off an orc wizard on level 3 of the Dungeon)
 t - a +0 cloak (worn)
   (You took it off Crazy Yiuf on level 3 of the Dungeon)
 w - a +0 robe
   (You took it off an orc wizard on level 3 of the Dungeon)
 z - a +0 robe of resistance (worn)
   (You found it on level 5 of the Dungeon)
 E - the +1 robe of Ysaheg {rCorr Stlth+}
   (You found it on level 6 of the Dungeon)

   rCorr:     It protects you from acid and corrosion.
   Stlth:     It makes you more stealthy.
 N - a +0 robe
   (You took it off an orc wizard on level 7 of the Dungeon)
 O - a +0 robe
   (You took it off an orc on level 7 of the Dungeon)
Jewellery
 h - a ring of see invisible (left claw)
   (You found it on level 1 of the Dungeon)
 m - an amulet of the acrobat (around neck)
   (You found it on level 6 of the Dungeon)
 L - a ring of wizardry
   (You found it on level 7 of the Dungeon)
Wands
 y - a wand of charming (9)
   (You found it on level 4 of the Dungeon)
 D - a wand of flame (9)
   (You found it on level 6 of the Dungeon)
 G - a wand of light (11)
   (You found it on level 6 of the Dungeon)
 P - a wand of digging (3)
   (You took it off Joseph on level 7 of the Dungeon)
Scrolls
 d - 2 scrolls of blinking {unknown}
 i - 3 scrolls of poison {unknown}
 k - 2 scrolls of summoning {unknown}
 n - 3 scrolls of teleportation {@r4}
 o - 3 scrolls of immolation {unknown}
 p - 2 scrolls of vulnerability {unknown}
 u - a scroll of silence {unknown}
 A - 4 scrolls of noise {unknown}
 C - a scroll of torment {unknown}
 H - a scroll of enchant armour {unknown}
 I - a scroll of brand weapon {unknown}
 M - a scroll of magic mapping {unknown}
Potions
 b - 3 potions of curing {@q1}
 e - 2 potions of flight
 g - 2 potions of cancellation
 j - a potion of resistance
 l - 3 potions of ambrosia
 s - a potion of magic
 v - 2 potions of heal wounds {unknown}
 x - a potion of brilliance
 B - a potion of attraction {unknown}
 F - a potion of berserk rage {unknown}
 J - 3 potions of lignification {unknown}

Dungeon Overview and Level Annotations

Branches:
Dungeon (8/15) Zot: 26284  Temple (0/1) D:5
   Lair: D:8-11

Altars:
Gozag
Hepliaklqana
Kikubaaqudgha
Makhleb
Okawaru
Qazlal
Ru
Sif Muna
Trog
Uskayaw
Vehumet
Xom
Yredelemnul
The Shining One

Shops:
D:2 (   D:8 [

Annotations:
D:5 1 runed translucent door, theapuk's ghost, novice HOFi
D:8 Grum

#. #...# ##.########### #.#.###
#####
.............###.#...########....
.................................
..#.....####.##.#...########.#..
...#...#.# #.##.#.### #....
.......#.# #.##.#.# ##### ###.#
...#####.####.##.#.# #...# #..
.#?#####......gh@#.####...#####..
.............#.###....'.......'..
.............#.# ######....####..
.............#.. #.##.####..
#............#### #.......#..
#............# #####...#.#
#............# #.+...#.#
.............# ###+####.#.....#
.....######### ###........#...###


You could see Grum and a wolf.


Message History

You take 6 damage, and now have 69/88 hp.
You mangle the hornet!!
You kill the hornet! 😕 HP[+2]
You now have 89 max hp (+1).
You regained 2 hp, and now have 71/89 hp.
No target in view!
You start resting.
You feel yourself speed up. 😕 HP[+4]
You regained 4 hp, and now have 75/89 hp.
You start resting. 😎 HP[+14]
Your hp is fully restored (89).
n - 3 scrolls of teleportation {@r4} (gained 1)
b - 3 potions of curing {@q1} (gained 1) Key pressed, stopping explore.
You now have 575 gold pieces (gained 10).
Grum and 3 wolves come into view.
Grum growls angrily.
The wolf howls! x3
You barely miss the wolf. The wolf bites you! 😕 HP[-10]
You take 10 damage, and now have 79/89 hp.
You claw the wolf! The wolf barely misses you. 😕 HP[+1]
You closely miss the wolf. The wolf bites you. 😕 HP[-1]
You take 1 damage, and now have 79/89 hp.
You claw the wolf!
You kill the wolf!
The wolf bites you! The wolf bites you. 😕 HP[-12]
You take 12 damage, and now have 67/89 hp.
You barely miss the wolf. The wolf bites you! The wolf closely misses you.
Grum stares intently and barks.
Grum barely misses you. The wolf bites you! 😮 HP[-16]
You take 16 damage, and now have 51/89 hp.
The wolf attacks as you move away! The wolf completely misses you.
The wolf misses you. 😮 HP[+1]
The wolf attacks as you move away! The wolf misses you.
The wolf attacks as you move away! The wolf closely misses you.
The wolf misses you. x2 😮 HP[+1]
The wolf attacks as you move away! The wolf completely misses you.
The wolf attacks as you move away! The wolf barely misses you.
The wolf closely misses you. 😮 HP[+1]
The wolf attacks as you move away! The wolf completely misses you.
The wolf bites you. 😮 HP[-4]
You take 4 damage, and now have 50/89 hp.
The wolf attacks as you move away! The wolf completely misses you.
The wolf barely misses you. The wolf bites you!
* * * LOW HITPOINT WARNING * * *
😨 HP[-6]
You take 6 damage, and now have 44/89 hp.
The wolf barely misses you. 😮 HP[+1]
The wolf attacks as you move away! The wolf closely misses you.
The wolf attacks as you move away!
The wolf completely misses you. x2 😮 HP[+1] Unknown command.
The wolf closely misses you. The wolf bites you but does no damage.
Grum hits you from afar with a -1 halberd.
* * * LOW HITPOINT WARNING * * *
The wolf misses you. 😨 HP[-4]
You take 4 damage, and now have 42/89 hp.
The wolf misses you. 😨 HP[+1]
The wolf closely misses you. x2 😨 HP[+1]
The wolf attacks as you move away! The wolf bites you but does no damage.
The wolf completely misses you.
There is a shaft here. 😮 HP[+2]
You regained 2 hp, and now have 46/89 hp.
The wolf falls through a shaft!
The shaft crumbles and collapses. 😮 HP[+1]
You barely miss the wolf. The wolf bites you.
Grum hits you from afar with a -1 halberd!
* * * LOW HITPOINT WARNING * * *
😨 HP[-15]
You take 15 damage, and now have 32/89 hp.
You claw the wolf! Your claw misses the wolf. The wolf barely misses you.
Grum bares his teeth.
Grum hits you from afar with a -1 halberd!!
* * * LOW HITPOINT WARNING * * *
The wolf bites you.
* * * LOW HITPOINT WARNING * * *
😱 HP[-20]
You take 20 damage, and now have 12/89 hp.
MASSIVE DAMAGE!! (PAUSE)
Okay, then.
Unknown command.
You feel yourself speed up. The wolf bites you but does no damage.
Grum hits you from afar with a -1 halberd!
You die...

Skill      XL: |  1  2  3  4  5  6  7  8  9 |
---------------+----------------------------+-----
Unarmed Combat | 4 5 6 8 10 11 12 | 12.5
Fighting       | 3 5 |  5.8
Spellcasting   | |  1.0
Fire Magic     | |  2.1

Action                   |  1- 3 |  4- 6 |  7- 9 || total
-------------------------+-------+-------+-------++-------
Melee: Unarmed           |    67 |   174 |   202 ||   443
       Punch             |     1 |     3 |     2 ||     6
Invok: Fiery Armour      |       |       |     1 ||     1
  Use: Scroll            |       |       |    10 ||    10
       Potion            |       |       |     4 ||     4
Armor: Robe              |    23 |    55 |    55 ||   133
Dodge: Dodged            |    23 |    78 |   144 ||   245

Levels and vault maps discovered:
D:1:      minmay_arrival_semitransparent, layout_basic, kennysheep_flooded_box,
          minivault_5
D:2:      layout_rooms, serial_shops, nicolae_shop_hallway_plus
D:3:      layout_loops_ring, shapermc_ecumenical_altar_rom_forum,
          grunt_ministairs_10, uniq_crazy_yiuf_cottage
D:4:      layout_basic
D:5:      layout_loops_corners, temple_statues, ebering_ghost_reflecting_pool
D:6:      layout_loops_ring, uniq_eustachio, uniq_edmund, uniq_grinder
D:7:      lemuel_ice_spiral_2, layout_basic, minitemple,
          kennysheep_windowed_goal, uniq_joseph
D:8:      layout_basic, nicolae_uskayaw_dance_hall, serial_shops,
          nicolae_take_the_stairs, uniq_grum

Notes
Turn   | Place    | Note
-------+----------+-------------------------------------------
     0 | D:1      | MackTheKnife the Troll Cinder Acolyte began the quest for
                  | the Orb.
     0 | D:1      | Reached XP level 1. HP: 22/22 MP: 1/1
     0 | D:1      | magus.rc [v1.9.6]
   243 | D:1      | Reached XP level 2. HP: 29/29 MP: 2/2
   445 | D:1      | Reached skill level 4 in Unarmed Combat
   700 | D:2      | Found Luoluiti's Antique Weapon Shop.
   721 | D:2      | Reached XP level 3. HP: 32/36 MP: 3/3
   750 | D:2      | You fall into a shaft and drop 2 floors!
   837 | D:4      | Reached skill level 5 in Unarmed Combat
   837 | D:4      | Reached XP level 4. HP: 44/44 MP: 4/4
   935 | D:3      | Noticed a scorpion
   942 | D:3      | Killed a scorpion
   943 | D:3      | Reached XP level 5. HP: 42/50 MP: 5/5
  1205 | D:2      | Reached skill level 6 in Unarmed Combat
  1772 | D:3      | Found a faded altar of an unknown god.
  1776 | D:3      | Got Plato's Secrets of Exhumation
  1972 | D:3      | Reached XP level 6. HP: 59/59 MP: 6/6
  2038 | D:3      | Found a runed translucent door.
  2039 | D:3      | Noticed Crazy Yiuf
  2044 | D:3      | Killed Crazy Yiuf
  2153 | D:3      | Reached skill level 7 in Unarmed Combat
  2331 | D:3      | You pick up a book of Vapours and begin reading...
  2331 | D:3      | You add the spells Poisonous Vapours, Cigotuvi's Dreadful
                  | Rot and Mephitic Cloud to your library.
  2759 | D:4      | Reached skill level 8 in Unarmed Combat
  2835 | D:4      | Reached XP level 7. HP: 66/66 MP: 7/7
  3146 | D:5      | Entered Level 5 of the Dungeon
  3413 | D:5      | You pick up a book of Spatial Translocations and begin
                  | reading...
  3413 | D:5      | You add the spells Blink, Momentum Strike and Lesser
                  | Beckoning to your library.
  3452 | D:5      | Found a runed translucent door.
  3462 | D:5      | Noticed theapuk's ghost (novice HOFi)
  3586 | D:5      | Found a staircase to the Ecumenical Temple.
  3727 | D:5      | Reached skill level 9 in Unarmed Combat
  4246 | D:6      | Reached skill level 10 in Unarmed Combat
  4246 | D:6      | Reached XP level 8. HP: 37/74 MP: 8/8
  4254 | D:6      | Identified the +1 robe of Ysaheg {rCorr Stlth+}
  4348 | D:6      | Noticed Grinder
  4356 | D:6      | Killed Grinder
  4396 | D:6      | Noticed Eustachio
  4427 | D:6      | Killed Eustachio
  4611 | D:6      | You add the spells Static Discharge, Tukima's Dance,
                  | Arcjolt, Metabolic Englaciation and Yara's Violent
                  | Unravelling to your library.
  4611 | D:6      | Got the Volume of Overcast Imprecation
  4636 | D:6      | Reached skill level 11 in Unarmed Combat
  4656 | D:6      | Noticed Edmund
  4661 | D:6      | Killed Edmund
  4662 | D:6      | Reached skill level 3 in Fighting
  4894 | D:7      | Identified the +4 dagger of a Thousand Persimmons {freeze,
                  | rC+ Stlth+}
  5034 | D:7      | Reached XP level 9. HP: 62/84 MP: 9/9
  5049 | D:7      | Reached skill level 4 in Fighting
  5462 | D:7      | Noticed Joseph
  5473 | D:7      | HP: 18/84 [Joseph/+0 quarterstaff (17)]
  5474 | D:7      | HP: 4/84 [Joseph/+0 quarterstaff (15)]
  5479 | D:7      | Killed Joseph
  5621 | D:7      | Found a shimmering blue altar of Sif Muna.
  5622 | D:7      | Found a sacrificial altar of Ru.
  5625 | D:7      | Found a hazy altar of Hepliaklqana.
  5626 | D:7      | Found a radiant altar of Vehumet.
  5627 | D:7      | Found a bloodstained altar of Trog.
  5627 | D:7      | Found a glowing golden altar of the Shining One.
  5627 | D:7      | Found a shimmering altar of Xom.
  5627 | D:7      | Found an ancient bone altar of Kikubaaqudgha.
  5627 | D:7      | Found an iron altar of Okawaru.
  5628 | D:7      | Found a stormy altar of Qazlal.
  5630 | D:7      | Found a basalt altar of Yredelemnul.
  5631 | D:7      | Found a burning altar of Makhleb.
  5632 | D:7      | Found an opulent altar of Gozag.
  5679 | D:8      | Reached skill level 12 in Unarmed Combat
  5878 | D:8      | Found Edeoc's Armour Boutique.
  5912 | D:8      | Reached skill level 5 in Fighting
  5980 | D:8      | Found a hide-covered altar of Uskayaw.
  6368 | D:8      | Noticed Grum
  6387 | D:8      | HP: 13/89 [Grum/-1 halberd (19)]
  6388 | D:8      | Slain by Grum

Vanquished Creatures
  Joseph (D:7)
  A hornet (D:8)
  Grinder (D:6)
  Eustachio (D:6)
  Edmund (D:6)
  A water moccasin (D:6)
  2 ice beasts
  2 sky beasts
  A wolf (D:8)
  3 ogres
  2 centaurs
  A kobold brigand (D:6)
  4 bullfrogs
  2 scorpions
  5 killer bees (D:8)
  4 orc priests
  4 hounds
  3 jellies
  Crazy Yiuf (D:3)
  3 iguanas
  4 orc wizards
  7 adders
  2 white imps
  An ufetubus (D:5)
  A worm (D:5)
  A dart slug (D:1)
  21 orcs
  7 ball pythons
  4 bats
  9 endoplasms
  2 giant cockroaches (D:2)
  7 hobgoblins
  12 jackals
  5 quokkas
  7 frilled lizards
  5 goblins
  7 kobolds
  4 rats
149 creatures vanquished.

Vanquished Creatures (others)
  4 fungi (D:3)
  2 plants (D:3)
6 creatures vanquished.

Grand Total: 155 creatures vanquished

Table legend:
 A = Non-vault XP
 B = Vault XP
 C = Vault XP percentage of total XP
 D = Non-vault monster count
 E = Vault monster count
 F = Vault count percentage of total count
                 A         B        C        D         E       F
            +---------+---------+-------+---------+---------+-------
      Total |    3301 |    1423 |  30.1 |     140 |       9 |   6.0
            +---------+---------+-------+---------+---------+-------
        D:1 |      38 |       0 |   0.0 |      23 |       0 |   0.0
        D:2 |      54 |       0 |   0.0 |      18 |       0 |   0.0
        D:3 |     285 |     152 |  34.8 |      24 |       3 |  11.1
        D:4 |     258 |       0 |   0.0 |      27 |       0 |   0.0
        D:5 |     446 |       0 |   0.0 |      15 |       0 |   0.0
        D:6 |     528 |     636 |  54.6 |      13 |       3 |  18.8
        D:7 |     631 |     519 |  45.1 |      10 |       2 |  16.7
        D:8 |    1061 |     116 |   9.9 |      10 |       1 |   9.1
            +---------+---------+-------+---------+---------+-------

Illustrated notes

Table legend:
 A = Kills in this place as a percentage of kills in entire the game.
 B = Kills by you in this place as a percentage of kills by you in the entire game.
 C = Kills by friends in this place as a percentage of kills by friends in the entire game.
 D = Other kills in this place as a percentage of other kills in the entire game.
 E = Experience gained in this place as a percentage of experience gained in the entire game.
 F = Experience gained in this place divided by the number of levels of this place that you have seen.
                   A       B       C       D       E      F
               +-------+-------+-------+-------+-------+----------------------
         Total | 100.0 | 100.0 |   N/A |   N/A | 100.0 | 590.5
       Dungeon | 100.0 | 100.0 |   N/A |   N/A | 100.0 | 590.5
               +-------+-------+-------+-------+-------+----------------------

Table legend: (Time is in decaauts)
 A = Elapsed time spent in this place.
 B = Non-inter-level travel time spent in this place.
 C = Inter-level travel time spent in this place.
 D = Time resting spent in this place.
 E = Time spent auto-exploring this place.
 F = Levels seen in this place.
 G = Mean time per level.
                   A        B        C        D        E       F      G
               +--------+--------+--------+--------+--------+-----+--------+
         Total |   6325 |   6068 |    257 |    240 |   4829 |   8 |  790.6 |
       Dungeon |   6325 |   6068 |    257 |    240 |   4829 |   8 |  790.6 |
               +--------+--------+--------+--------+--------+-----+--------+

Top non-repeatable levels by time:
     D:3: 1012 daAuts
     D:5: 912 daAuts
     D:6: 793 daAuts
     D:7: 786 daAuts
     D:4: 733 daAuts
     D:8: 714 daAuts
     D:2: 697 daAuts
     D:1: 675 daAuts
